Map: Triton LE

Players

pHARM

  • Race: Terran Terran
  • League: Platinum
  • Spawn Location: 5:00

blink - Winner!

  • Race: Terran Terran
  • League: Platinum
  • Spawn Location: 11:00

VOD

Have the link to the VOD?

Description

Time

  • Played on: Aug. 29, 2019, 8:40 p.m.
  • Length: 28:31
Show
View Real Time Build Order
Export as new Build Order

pHARM Terran 

Build Orders: Mech 

Get SALT Encoding   

  12  0:01  SCV  
  13  0:16  SCV  
  13  0:17  Supply Depot  
  14  0:28  SCV  
  15  0:41  Barracks, SCV  
  16  0:53  SCV  
  17  1:08  SCV  
  18  1:22  SCV  
  19  1:25  Refinery  
  19  1:31  Marine  
  20  1:38  Supply Depot  
  20  1:41  Bunker  
  20  1:51  Marine  
  20  1:54  Command Center  
  21  2:07  Supply Depot  
  21  2:09  SCV  
  21  2:14  Refinery  
  22  2:21  Orbital Command  
  22  2:41  Barracks Tech Lab  
  22  2:42  Factory  
  22  2:47  SCV  
  23  2:59  SCV  
  24  3:11  SCV, Orbital Command  
  25  3:23  SCV  
  26  3:33  Engineering Bay  
  26  3:34  Siege Tank  
  26  3:35  SCV  
  26  3:37  SCV  
  31  3:48  SCV  
  32  3:49  SCV  
  33  3:55  Factory  
  33  3:58  Factory  
  33  4:00  SCV  
  33  4:01  SCV  
  35  4:07  Missile Turret  
  35  4:12  SCV  
  35  4:13  SCV, Missile Turret  
  37  4:21  Siege Tank  
  40  4:24  SCV  
  40  4:25  SCV  
  42  4:36  SCV  
  42  4:37  SCV  
  44  4:47  Command Center  
  44  4:54  Siege Tank  
  47  5:00  Factory Reactor  
  47  5:01  Factory Tech Lab  
  47  5:08  SCV, Armory  
  47  5:09  SCV  
  49  5:21  SCV x2  
  51  5:25  Refinery  
  51  5:26  Infernal Pre-Igniter  
  51  5:27  Refinery  
  51  5:33  SCV x2, Supply Depot  
  51  5:34  Supply Depot x2  
  53  5:45  SCV  
  54  5:55  Siege Tank, SCV  
  58  5:57  SCV  
  59  6:07  SCV  
  59  6:09  Command Center, SCV  
  61  6:13  Terran Vehicle Weapons Level 1  
  61  6:19  SCV  
  61  6:21  SCV  
  63  6:31  SCV  
  64  6:40  Thor  
  64  6:41  Thor  
  64  6:42  Hellbat x2  
  80  6:51  Supply Depot  
  80  6:52  Orbital Command  
  80  6:56  SCV x2  
  82  7:08  SCV x2, Supply Depot  
  84  7:10  Supply Depot  
  84  7:13  Hellbat x2  
  88  7:23  Thor  
  88  7:29  Armory  
  94  7:32  Supply Depot  
  94  7:35  Supply Depot  
  94  7:36  Thor  
  100  7:38  Hellbat x2  
  104  7:46  Supply Depot  
  104  7:49  SCV  
  104  7:50  SCV x3  
  108  7:54  Refinery  
  108  7:55  Refinery  
  108  8:02  SCV  
  108  8:05  Hellbat x2  
  113  8:06  Thor  
  119  8:19  Thor  
  125  8:25  SCV  
  125  8:26  SCV x2  
  128  8:29  Terran Vehicle Weapons Level 2  
  128  8:30  Terran Vehicle And Ship Armor Level 1  
  128  8:38  SCV x2  
  130  8:49  Thor  
  130  8:50  Hellbat x2  
  140  9:02  Hellbat, Planetary Fortress  
  142  9:17  SCV x3, Missile Turret  
  145  9:24  Thor  
  145  9:25  Hellbat  
  145  9:26  Command Center, Hellbat  
  145  9:29  SCV  
  156  9:31  Supply Depot x2  
  156  9:34  SCV x2, Thor  
  164  9:38  Missile Turret  
  164  9:41  SCV  
  165  9:46  SCV x2  
  165  9:47  Hellbat x2  
  171  9:56  Supply Depot  
  171  9:57  Supply Depot  
  171  10:00  Missile Turret  
  171  10:07  Thor  
  171  10:08  Hellbat x2  
  181  10:17  Thor, Refinery  
  187  10:23  Refinery  
  187  10:41  Orbital Command  
  187  10:50  Thor  
  187  10:52  Command Center  
  193  11:24  Terran Vehicle And Ship Armor Level 2, Terran Vehicle Weapons Level 3  
  193  11:25  Factory  
  187  11:28  Factory  
  187  11:30  Factory  
  175  11:46  Hellion x2, Thor x2  
  160  12:08  Hellbat x2  
  135  12:29  Thor x2  
  129  12:32  Factory Reactor  
  125  12:37  Factory Tech Lab  
  125  12:38  Factory Tech Lab  
  125  12:41  Factory Tech Lab  
  119  12:46  Factory Tech Lab  
  119  12:48  Hellbat x2  
  123  13:04  Command Center  
  123  13:10  Thor x2  
  123  13:11  Hellbat x3  
  123  13:12  Hellbat, Thor x2  
  155  13:27  Planetary Fortress  
  155  13:35  SCV x2  
  155  13:37  Refinery  
  157  13:50  Hellbat x4  
  157  13:53  Thor x2  
  157  13:55  Terran Vehicle And Ship Armor Level 3, Thor x2  
  189  14:00  Refinery  
  189  14:01  Smart Servos  
  189  14:30  Command Center  
  189  14:33  Hellbat x4  
  199  14:38  Hellbat  
  199  14:52  Hi-Sec Auto Tracking  
  191  15:36  Orbital Command  
  191  15:44  Command Center  
  191  15:49  Neosteel Armor  
  164  16:28  Starport  
  143  16:33  Starport  
  143  16:35  Starport  
  143  16:38  Starport  
  143  16:39  Starport  
  131  17:01  Thor x4  
  131  17:02  Hellbat x3  
  131  17:03  Hellbat  
  146  17:24  Hellbat x4  
  154  17:37  SCV x4  
  154  17:44  Thor x3  
  158  17:45  Hellbat x4  
  158  17:49  SCV x4  
  188  17:58  Command Center  
  188  18:01  SCV x3  
  188  18:02  SCV  
  192  18:06  Thor  
  192  18:09  Command Center  
  192  18:10  Starport  
  192  18:11  Starport  
  192  18:12  Hellbat  
  200  18:13  Starport  
  200  18:15  Starport  
  200  18:24  Refinery  
  200  18:30  Refinery  
  196  18:48  Starport  
  196  18:49  Starport  
  196  18:52  Command Center  
  196  18:57  Starport  
  196  19:14  Starport Tech Lab x2  
  196  19:15  Starport Tech Lab x2  
  196  19:30  Fusion Core  
  196  19:36  Planetary Fortress  
  196  19:38  Starport Reactor  
  196  19:44  Terran Ship Weapons Level 1  
  176  20:20  Battlecruiser  
  176  20:21  Battlecruiser x3  
  168  20:24  Starport Reactor  
  168  20:27  Viking x2  
  172  20:33  Viking  
  174  21:12  Viking x5  
  174  21:25  Battlecruiser x4  
  192  21:35  Thor  
  198  21:42  Viking x3  
  186  22:08  Refinery  
  186  22:09  Refinery  
  186  22:29  Raven, Battlecruiser x2  
  200  22:40  Orbital Command  
  200  23:05  Refinery  
  200  23:06  Refinery  
  200  23:07  Orbital Command  
  176  23:30  Thor  
  176  23:33  Battlecruiser x2  
  156  23:54  Thor x4  
  99  24:28  Hellbat x4  
  106  24:37  Thor x4  
  92  25:20  Thor x3  
  110  25:21  Thor  
  110  25:23  Hellbat x3  
  110  25:24  Hellbat  
  112  26:02  Command Center  
  106  27:04  Thor  
  102  27:21  Hellbat  
  32  28:01  Orbital Command  
  26  28:06  Barracks  
  26  28:09  Barracks  
Show
View Real Time Build Order
Export as new Build Order

blink Terran - Winner!

Build Orders:  

Get SALT Encoding   

  12  0:01  SCV  
  13  0:14  SCV  
  14  0:26  SCV, Supply Depot  
  15  0:47  SCV  
  16  0:52  Barracks  
  16  0:59  SCV  
  17  1:12  SCV  
  18  1:24  SCV  
  19  1:32  Refinery  
  19  1:36  SCV, Refinery  
  20  1:41  Command Center  
  20  1:45  Supply Depot  
  20  1:46  Marine  
  21  1:53  SCV  
  22  2:04  Marine  
  22  2:07  SCV  
  24  2:19  SCV  
  24  2:22  Marine  
  26  2:32  SCV, Factory  
  27  2:40  Marine  
  28  2:47  SCV  
  29  3:02  Marine, Command Center  
  30  3:09  Orbital Command  
  30  3:13  SCV  
  30  3:16  Factory Tech Lab  
  31  3:27  Engineering Bay  
  31  3:28  Marine  
  31  3:33  SCV  
  33  3:37  SCV  
  34  3:44  Siege Tank  
  34  3:45  SCV  
  34  3:48  Marine  
  39  3:57  Hi-Sec Auto Tracking, Missile Turret  
  39  4:06  Starport  
  39  4:10  Marine  
  39  4:16  Cyclone  
  43  4:23  Missile Turret  
  43  4:27  SCV  
  44  4:39  SCV  
  45  4:47  Starport Reactor  
  45  4:51  Supply Depot  
  45  4:54  Siege Tank  
  45  4:56  Missile Turret  
  45  4:59  Orbital Command  
  48  5:06  Missile Turret  
  48  5:07  Missile Turret  
  48  5:11  Orbital Command  
  48  5:14  SCV  
  48  5:21  Neosteel Armor  
  49  5:30  Supply Depot  
  49  5:32  Viking  
  51  5:37  SCV  
  51  5:42  SCV  
  53  5:49  SCV  
  54  5:50  Missile Turret  
  54  5:54  SCV  
  55  6:03  Siege Tank  
  58  6:04  Barracks Tech Lab  
  58  6:07  SCV  
  58  6:08  Viking x2  
  63  6:13  SCV  
  63  6:14  Armory  
  64  6:20  Refinery  
  64  6:23  SCV, Refinery  
  64  6:25  SCV  
  66  6:35  SCV  
  66  6:36  Command Center  
  66  6:37  SCV  
  68  6:45  Viking x2  
  68  6:47  Missile Turret  
  72  6:53  Marine  
  73  6:55  SCV  
  73  7:01  Refinery  
  74  7:04  Refinery  
  74  7:06  SCV  
  74  7:08  SCV  
  76  7:11  Marine  
  77  7:23  Drilling Claws  
  77  7:25  Supply Depot  
  77  7:26  Terran Vehicle Weapons Level 1  
  77  7:32  Supply Depot  
  77  7:37  Terran Infantry Weapons Level 1  
  77  7:47  Marine, Siege Tank, SCV x2, Viking x2  
  87  7:53  Stimpack  
  87  7:56  SCV, Supply Depot  
  88  8:00  SCV x2  
  90  8:08  SCV  
  90  8:12  SCV x2  
  93  8:19  Supply Depot  
  93  8:20  SCV  
  93  8:23  Viking x2  
  93  8:24  SCV, Starport  
  99  8:27  Planetary Fortress  
  99  8:32  SCV, Missile Turret x2  
  100  8:36  SCV  
  100  8:39  SCV  
  102  8:42  Supply Depot  
  102  8:45  SCV  
  102  8:48  SCV  
  104  8:51  SCV  
  104  8:52  Viking  
  104  8:54  Armory  
  104  8:55  Widow Mine  
  109  8:56  Smart Servos  
  109  8:57  SCV  
  109  8:58  Marine  
  109  9:00  SCV  
  112  9:04  Factory  
  112  9:10  Refinery  
  112  9:12  SCV x2  
  112  9:15  Starport Reactor, Refinery  
  112  9:16  Marine, Widow Mine  
  117  9:18  Starport  
  117  9:24  SCV  
  117  9:25  Terran Ship Weapons Level 1, SCV  
  117  9:30  Supply Depot  
  119  9:33  Marine  
  119  9:37  SCV  
  119  9:38  SCV, Widow Mine  
  124  9:49  SCV  
  124  9:50  SCV  
  124  9:51  Marine  
  124  9:52  Supply Depot  
  127  10:01  SCV  
  127  10:02  SCV x2  
  127  10:04  Combat Shield  
  130  10:07  Factory Tech Lab  
  130  10:14  SCV  
  130  10:15  SCV, Supply Depot  
  132  10:27  SCV  
  133  10:31  Starport Reactor  
  133  10:36  Missile Turret  
  133  10:39  SCV, Supply Depot  
  133  10:41  Infernal Pre-Igniter  
  133  10:42  Mag-Field Accelerator  
  134  10:44  Siege Tank x2  
  140  10:56  Missile Turret  
  140  10:57  Missile Turret  
  140  11:02  SCV, Supply Depot  
  138  11:14  SCV  
  138  11:17  Siege Tank x2, Missile Turret  
  143  11:21  Missile Turret  
  143  11:24  Reaper  
  144  11:25  Supply Depot  
  144  11:26  SCV  
  145  11:38  SCV, Viking x3  
  145  11:39  Viking x3, Missile Turret  
  156  11:41  Missile Turret  
  156  11:43  Terran Vehicle Weapons Level 2  
  156  11:45  Terran Ship Weapons Level 2  
  144  11:53  Barracks  
  138  11:56  Marine  
  138  12:00  Missile Turret  
  138  12:01  Missile Turret  
  119  12:08  Viking x3  
  119  12:09  Viking x3  
  119  12:10  Orbital Command  
  119  12:14  Marine  
  132  12:20  Missile Turret  
  100  12:31  Siege Tank x2  
  100  12:32  Marine  
  102  12:38  Viking x4  
  102  12:39  Viking x2  
  114  12:44  Refinery  
  114  12:49  Marine  
  115  12:59  Missile Turret x3  
  115  13:00  Barracks Reactor, Missile Turret  
  115  13:03  Siege Tank x2  
  121  13:08  Marauder  
  123  13:17  Command Center  
  123  13:29  Marauder  
  125  13:35  Siege Tank x2  
  125  13:41  Command Center  
  131  13:44  Command Center  
  131  13:46  Viking x5  
  131  13:47  Viking  
  143  13:51  Marauder  
  145  13:59  Liberator x3, Terran Infantry Armor Level 1  
  145  14:03  Terran Vehicle And Ship Armor Level 1  
  145  14:07  Siege Tank x2  
  151  14:12  Marauder  
  151  14:16  Viking  
  164  14:26  Terran Ship Weapons Level 3  
  164  14:33  Marine  
  164  14:35  Command Center  
  165  14:46  Widow Mine x2  
  165  14:51  Marine  
  170  15:01  Marine x2  
  172  15:07  Widow Mine x2  
  172  15:09  Marauder  
  178  15:19  Marine x2, Missile Turret  
  178  15:20  Missile Turret  
  180  15:29  Widow Mine x2  
  180  15:30  Marine  
  180  15:32  Refinery x2  
  184  15:37  Marine x2  
  184  15:48  Marine  
  184  15:54  Marine  
  184  15:55  Marine  
  182  16:05  Marine  
  182  16:10  Planetary Fortress  
  183  16:13  Missile Turret  
  183  16:34  Missile Turret  
  183  16:55  Missile Turret  
  183  17:15  Missile Turret  
  167  17:36  Missile Turret  
  167  17:41  Liberator x2  
  173  18:05  Starport, Fusion Core  
  173  18:21  Refinery  
  173  18:37  Terran Vehicle Weapons Level 3  
  173  18:38  Terran Vehicle And Ship Armor Level 2  
  173  18:40  Terran Infantry Weapons Level 2  
  173  18:47  Refinery  
  165  18:56  Starport Tech Lab  
  165  18:58  Viking x2  
  165  18:59  Viking x4  
  176  19:14  Planetary Fortress  
  176  19:18  Refinery  
  176  19:20  Refinery  
  176  19:22  Advanced Ballistics  
  176  19:28  Viking x2  
  176  19:29  Viking x4  
  188  19:58  Viking x3  
  188  19:59  Viking  
  159  20:29  Planetary Fortress  
  159  20:33  Refinery  
  159  20:34  Refinery  
  142  21:54  Viking x4  
  142  21:55  Viking  
  142  21:57  Planetary Fortress  
  152  22:01  Missile Turret  
  152  22:03  Missile Turret  
  152  22:04  Missile Turret  
  152  22:06  Refinery  
  152  22:07  Refinery  
  152  22:40  Terran Vehicle And Ship Armor Level 3  
  152  22:42  Marine x3  
  155  23:00  Marine x3  
  158  23:07  Viking x6  
  158  23:08  Viking  
  172  23:17  Marine, Supply Depot  
  172  23:18  Marine x2  
  160  23:35  Marine x2  
  160  23:36  Marine  
  160  23:37  Viking x6  
  160  23:38  Viking  
  147  24:07  Viking x3  
  120  26:36  Orbital Command  
  120  26:40  Viking x6  
  120  26:41  Viking  
  130  27:10  Viking x7  
  105  27:40  Viking x2  
Tags
 
Composition
Mech
Matchup
TvT
Race
Terran
Replay Pack
10.7.19
Spawn Locations
Cross Positions
Add a new tag
Caveats
  • Supply blocks, unpowered buildings, or Contaminate may cause inaccurate times.
  • Supply counts are checked every 10 seconds.